 Dungeon Crawl Stone Soup version 0.24.0-1-gfbc8707 (webtiles) character file.

Game seed: 7394690418825170520, levelgen mode: deterministic

107 Exaltedone87 the Covered (level 5, -10/41 HPs)
             Began as a Human Fighter on Nov 2, 2019.
             Mangled by Crazy Yiuf
             ... wielding a +3 quarterstaff of chaos
              (19 damage)
             ... while paralysed by Crazy Yiuf
             ... on level 2 of the Dungeon.
             The game lasted 00:03:13 (1436 turns).

Exaltedone87 the Covered (Human Fighter)            Turns: 1436, Time: 00:03:13

Health: -10/41     AC:  9    Str: 17    XL:     5   Next: 10%
Magic:  2/5        EV:  2    Int:  8    God:
Gold:   61         SH:  0    Dex: 13    Spells: 4/4 levels left

rFire    . . .     SeeInvis .   a - +0 flail
rCold    . . .     Gourm    .   c - +0 shield
rNeg     . . .     Faith    .   b - +1 scale mail
rPois    .         Spirit   .   (no helmet)
rElec    .         Reflect  .   h - +0 cloak
rCorr    .         Harm     .   (no gloves)
MR       .....     Rnd*Tele +   (no boots)
Stlth    ..........             (no amulet)
HPRegen  0.13/turn              n - ring of teleportation (curse)
MPRegen  0.09/turn              (no ring)

@: paralysed, lethally poisoned (-10 -> -19), slowed
A: no striking features
a: no special abilities


You were on level 2 of the Dungeon.
You were not hungry.

You visited 1 branch of the dungeon, and saw 2 of its levels.

You collected 61 gold pieces.

Inventory:

Hand Weapons
 a - a +0 flail (weapon)
Armour
 b - a +1 scale mail (worn)
 c - a +0 shield (worn)
 h - a +0 cloak (worn)
Jewellery
 n - a cursed ring of teleportation (left hand)
Potions
 d - a potion of might
 e - a potion of haste {unknown}
 g - a potion of heal wounds {unknown}
 i - a potion of curing
 j - 2 potions of degeneration {unknown}
Comestibles
 f - 5 rations
 l - 5 chunks of flesh


   Skills:
 + Level 3.5 Fighting
 * Level 3.4 Maces & Flails
 + Level 3.6 Armour
 + Level 3.5 Shields


You had 4 spell levels left.
You didn't know any spells.
Your spell library was empty.

Dungeon Overview and Level Annotations

Branches:
Dungeon (2/15)

Altars:

Annotations:
D:2 Crazy Yiuf


Message History

Crazy Yiuf hits you but does no damage.
You hit Crazy Yiuf but do no damage.
Crazy Yiuf is almost dead.
Crazy Yiuf hits you with a +3 quarterstaff of chaos!
You are poisoned.
Crazy Yiuf hits you with a +3 quarterstaff of chaos.
Crazy Yiuf burns you.
You hit Crazy Yiuf.
Crazy Yiuf is almost dead.
* * * LOW HITPOINT WARNING * * *
You feel very sick. Crazy Yiuf barely misses you.
Crazy Yiuf hits you but does no damage.
You suddenly lose the ability to move!
* * * LOW HITPOINT WARNING * * *
You feel sick.
Crazy Yiuf flaps his cloak.
Crazy Yiuf hits you but does no damage.
* * * LOW HITPOINT WARNING * * *
You feel sick. Crazy Yiuf hits you but does no damage.
You are electrocuted!!
You die...

##♣♣♣♣♣ ###...♣.♣♣♣ ###
##......♣..♣#...#
#......♣♣♣♣@g...# #..#..♣♣
♣♣#..)# #.###♣♣ ### #. #.#
#.# #.# #.# #.# ###### #.#
#.######## #.##.##### #.#
#........###.##...... #.#
########..)......#########.#


You could see Crazy Yiuf.

Vanquished Creatures
  Jessica (D:2)
  4 adders (D:2)
  An ooze (D:2)
  3 worms (D:2)
  A dart slug (D:1)
  A leopard gecko (D:2)
  6 bats
  A giant cockroach (D:1)
  A hobgoblin (D:1)
  2 jackals (D:1)
  A frilled lizard (D:1)
  A goblin (D:1)
  7 kobolds (D:1)
  5 rats
35 creatures vanquished.

Notes
Turn   | Place    | Note
-------+----------+-------------------------------------------
     0 | D:1      | Exaltedone87 the Human Fighter began the quest for the Orb.
     0 | D:1      | Reached XP level 1. HP: 18/18 MP: 1/1
    78 | D:1      | Reached XP level 2. HP: 22/24 MP: 2/2
   399 | D:1      | Reached XP level 3. HP: 27/29 MP: 3/3
  1188 | D:2      | Reached XP level 4. HP: 33/35 MP: 4/4
  1388 | D:2      | Noticed Jessica
  1396 | D:2      | Killed Jessica
  1396 | D:2      | Reached XP level 5. HP: 35/41 MP: 5/5
  1419 | D:2      | Found a runed translucent door.
  1420 | D:2      | Noticed Crazy Yiuf
  1434 | D:2      | Paralysed by Crazy Yiuf for 3 turns
  1436 | D:2      | Mangled by Crazy Yiuf

Levels and vault maps discovered:
D:1:      scummos_arrival_simple_crosswalls, layout_rooms
D:2:      layout_basic, uniq_crazy_yiuf_cottage, uniq_jessica

Skill      XL: |  1  2  3 |
---------------+----------+-----
Maces & Flails | 3 |  3.4
Fighting       | |  3.5
Armour         | |  3.6
Shields        | |  3.5

Action                   |  1- 3 |  4- 6 || total
-------------------------+-------+-------++-------
Melee: Flail             |   125 |    54 ||   179
  Use: Scroll            |     3 |     2 ||     5
  Eat: Ration            |     1 |       ||     1
Armor: Scale mail        |    92 |    33 ||   125
Dodge: Dodged            |    58 |    20 ||    78
Block: Shield            |    93 |    25 ||   118
